 Dungeon Crawl Stone Soup version 0.26.0-3-g156281e41b (webtiles) character file.

Game seed: 16092875052398019238

2727 jackrogers the Cleaver (level 9, -3/68 HPs)
             Began as a Minotaur Gladiator on Jan 10, 2021.
             Was an Initiate of Makhleb.
             Slain by an orc warrior
             ... wielding a +2 vorpal battleaxe
              (21 damage)
             ... on level 9 of the Dungeon.
             The game lasted 00:12:58 (7487 turns).

jackrogers the Cleaver (Minotaur Gladiator)         Turns: 7487, Time: 00:12:58

Health: -3/68      AC: 11    Str: 22    XL:     9   Next: 40%
Magic:  8/8        EV: 11    Int:  5    God:    Makhleb [......]
Gold:   448        SH:  0    Dex: 12    Spells: 8/8 levels left

rFire    + . .     SeeInvis .   N - +0 hand axe (elec)
rCold    + . .     Faith    +   (no shield)
rNeg     . . .     Spirit   .   E - +4 scale mail {rC+}
rPois    .         Reflect  .   c - +0 hat
rElec    .         Harm     .   (no cloak)
rCorr    .         Rampage  .   n - +0 pair of gloves
Will     .....                  (no boots)
Stlth    +.........             G - amulet of faith {Faith, !P}
HPRegen  0.21/turn              l - ring of protection from fire {rF+, !d}
MPRegen  0.11/turn              p - ring of stealth {Stlth+}

@: no status effects
A: retaliatory headbutt, horns 2
a: Renounce Religion


You were on level 9 of the Dungeon.
You worshipped Makhleb.
Makhleb was noncommittal.
You visited 2 branches of the dungeon, and saw 9 of its levels.

You collected 448 gold pieces.

Inventory:

Hand Weapons
 a - a +1 war axe
 z - a +0 war axe
   (You took it off an orc on level 5 of the Dungeon)
 D - a cursed -1 trident
   (You found it on level 5 of the Dungeon)
 I - a +0 war axe
   (You took it off an orc on level 6 of the Dungeon)
 J - a +0 trident
   (You found it on level 5 of the Dungeon)
 N - a +0 hand axe of electrocution (weapon)
   (You found it on level 7 of the Dungeon)
Missiles
 d - 3 throwing nets {=f, !d}
 f - 157 stones (quivered)
 k - 10 boomerangs
 w - 8 javelins
 y - 35 poisoned darts
 H - 6 silver boomerangs
Armour
 b - a +0 leather armour
 c - a +0 hat (worn)
 i - a +0 ring mail
   (You found it on level 1 of the Dungeon)
 n - a +0 pair of gloves (worn)
   (You found it on level 3 of the Dungeon)
 r - a +0 chain mail
   (You found it on level 3 of the Dungeon)
 t - a scarf of harm
   (You found it on level 4 of the Dungeon)
 E - a +4 scale mail of cold resistance (worn)
   (You found it on level 5 of the Dungeon)
 O - a +0 pair of gloves
   (You found it on level 7 of the Dungeon)
Jewellery
 l - a ring of protection from fire (left hand) {rF+, !d}
   (You found it on level 2 of the Dungeon)
 o - an uncursed amulet of reflection
   (You found it on level 3 of the Dungeon)
 p - a ring of stealth (right hand) {Stlth+}
   (You found it on level 3 of the Dungeon)
 x - a +6 ring of intelligence
   (You found it on level 5 of the Dungeon)
 F - an uncursed ring of magical power {MP+9}
   (You found it on level 5 of the Dungeon)
 G - an amulet of faith (around neck) {Faith, !P}
   (You found it on level 6 of the Dungeon)
 M - an uncursed ring of stealth {Stlth+}
   (You found it on level 6 of the Dungeon)
Wands
 g - a wand of flame (40)
   (You found it on level 5 of the Dungeon)
 j - a wand of polymorph (8)
   (You found it on level 2 of the Dungeon)
 u - a wand of paralysis (9)
   (You found it on level 4 of the Dungeon)
 B - a wand of digging (5)
   (You found it on level 5 of the Dungeon)
Scrolls
 m - 2 scrolls of enchant weapon
 q - 2 scrolls of magic mapping {!r}
 K - 2 scrolls of remove curse
 L - 2 scrolls of teleportation
Potions
 e - a potion of brilliance
 h - 4 potions of curing
 s - a potion of mutation {!q}
 v - 2 potions of attraction {!q}
 A - a potion of magic {unknown}
 C - a potion of heal wounds


   Skills:
 - Level 2.4 Fighting
 + Level 14.9 Axes
 - Level 2.0 Throwing
 - Level 3.2 Dodging


You had 8 spell levels left.
You didn't know any spells.
Your spell library contained the following spells:

 Spells                   Type           Power        Failure   Level
 Shock                    Conj/Air       0%           83%         1
 Swiftness                Air            0%           92%         2
 Static Discharge         Conj/Air       0%           99%         3
 Airstrike                Air            0%           100%        4
 Lightning Bolt           Conj/Air       0%           100%        5


Dungeon Overview and Level Annotations

Branches:
Dungeon (7/15)             Temple (1/1) D:7

Altars:
Ashenzari
Cheibriados
Elyvilon
Fedhas
Gozag
Hepliaklqana
Kikubaaqudgha
Makhleb
Nemelex Xobeh
Okawaru
Sif Muna
Trog
Uskayaw
Vehumet
Xom
Yredelemnul
Zin
The Shining One

Shops:
D:5 :


Innate Abilities, Weirdness & Mutations

You reflexively headbutt those who attack you in melee.
You have a pair of horns on your head.


Message History

Lightning courses through the scorpion!!
You kill the scorpion!
Makhleb accepts your kill.
You feel your dexterity returning.
No target in view!
You start resting.
A hound comes into view.
A hound is nearby!
A hound is nearby!
A hound is nearby!
The hound barks!
You throw a stone. The stone completely misses the hound.
You throw a stone. The stone barely misses the hound.
You hit the hound. The hound misses you.
You barely miss the hound. The hound bites you.
Your scale mail prevents you from hitting the hound.
You headbutt the hound. The hound barely misses you. You furiously retaliate!
You headbutt the hound! You closely miss the hound. You headbutt the hound.
The hound bites you but does no damage.
You hit the hound but do no damage. Lightning courses through the hound!!
You kill the hound!
Makhleb accepts your kill.
No target in view!
f - 163 stones (gained 2)
You pick up a book of Air and begin reading...
You add the spells Shock, Swiftness, Static Discharge, Airstrike and Lightning Bolt to your library.
f - 164 stones (gained 1)
You open the door.
There is an open door here.
You now have 448 gold pieces (gained 11).
You see here a hand axe.
You open the door.
There is an open door here.
An orc comes into view.
The orc shouts!
The orc moves out of view.
An orc warrior comes into view. It is wielding a +2 vorpal battleaxe.
Spoiler Alert: The orc warrior (wandering) can hit for high damage!
An orc warrior is nearby!
Spoiler Alert: The orc warrior (wandering) can hit for high damage!
An orc warrior is nearby!
Spoiler Alert: The orc warrior (wandering) can hit for high damage!
An orc warrior is nearby!
Spoiler Alert: The orc warrior (wandering) can hit for high damage!
You throw a stone.
The stone hits the orc warrior but does no damage.
Spoiler Alert: The orc warrior can hit for high damage!
You throw a stone.
The stone completely misses the orc warrior.
You throw a stone.
The stone closely misses the orc warrior.
You throw a stone.
The stone barely misses the orc warrior.
Spoiler Alert: The orc warrior can hit for high damage!
You throw a stone.
The stone barely misses the orc warrior.
You throw a stone.
The stone hits the orc warrior but does no damage.
An orc comes into view. It is wielding a +0 hand axe.
Okay, then.
Spoiler Alert: The orc warrior can hit for high damage!
You throw a stone. The orc shouts!
The stone hits the orc warrior but does no damage.
You hit the orc warrior. Your headbutt misses the orc warrior.
An orc comes into view.
It is wielding the +1 whip of Awkwardness {antimagic, +Inv rElec Int+4}.
The orc warrior hits you with a +2 vorpal battleaxe!
Spoiler Alert: The orc warrior can hit for high damage!
You closely miss the orc warrior.
You hit the orc warrior but do no damage.
Your headbutt misses the orc warrior.
Unknown command.
You hit the orc warrior. You headbutt the orc warrior.
The orc warrior completely misses you.
Spoiler Alert: The orc warrior can hit for high damage!
You barely miss the orc warrior. You barely miss the orc warrior.
The orc warrior hits you but does no damage.
You closely miss the orc warrior. You barely miss the orc warrior.
The orc warrior hits you with a +2 vorpal battleaxe!
Spoiler Alert: The orc warrior can hit for high damage!
You hit the orc warrior but do no damage.
You headbutt the orc warrior, but do no damage.
You hit the orc warrior.
You headbutt the orc warrior, but do no damage.
The orc warrior hits you with a +2 vorpal battleaxe.
You closely miss the orc warrior.
Spoiler Alert: The orc warrior can hit for high damage!
You hit the orc warrior but do no damage.
You headbutt the orc warrior!
The orc warrior hits you with a +2 vorpal battleaxe!
* * * LOW HITPOINT WARNING * * *
You hit the orc warrior.
You headbutt the orc warrior, but do no damage.
Spoiler Alert: The orc warrior can hit for high damage!
You barely miss the orc warrior.
The orc warrior hits you with a +2 vorpal battleaxe!!
You die...

####### #...... #......
##############......
#oo@.........').....
#(((oo############......
(.### #...... #......
####'## #.# #.## #...
####


You could see an orc warrior and 3 orcs.

Vanquished Creatures
  Pikel (D:6)
  Sigmund (D:4)
  Edmund (D:6)
  A black bear (D:5)
  A sky beast (D:5)
  2 ogres
  3 centaurs
  3 lemures (D:6)
  Blork the orc (D:6)
  A big kobold (D:9)
  A bullfrog (D:6)
  A scorpion (D:9)
  5 wights (D:6)
  A quasit (D:7)
  3 hounds
  An orc priest (D:6)
  2 bullfrog skeletons (D:6)
  A gnoll shaman (D:6)
  A jelly (D:7)
  4 orc wizards
  2 iguanas (D:6)
  8 worker ants
  A hound skeleton (D:5)
  A worker ant zombie (D:7)
  8 gnolls (D:6)
  13 adders
  A white imp (D:5)
  An ooze (D:3)
  3 worms
  2 dart slugs (D:4)
  7 leopard geckos
  25 orcs
  8 bats
  5 giant cockroaches
  2 goblins (D:1)
  7 hobgoblins
  6 jackals
  12 kobolds
  5 quokkas
  3 ball pythons
  4 frilled lizards
  3 rats
162 creatures vanquished.

Vanquished Creatures (others)
  A hound (D:7)
1 creature vanquished.

Grand Total: 163 creatures vanquished

Notes
Turn   | Place    | Note
-------+----------+-------------------------------------------
     0 | D:1      | jackrogers the Minotaur Gladiator began the quest for the
                  | Orb.
     0 | D:1      | Reached XP level 1. HP: 18/18 MP: 0/0
    91 | D:1      | Reached skill level 4 in Axes
   204 | D:1      | Reached XP level 2. HP: 25/25 MP: 1/1
  1055 | D:2      | Reached skill level 5 in Axes
  1065 | D:2      | Found a broken altar of Ashenzari.
  1074 | D:2      | Reached XP level 3. HP: 26/30 MP: 2/2
  1655 | D:3      | Reached skill level 6 in Axes
  1655 | D:3      | Reached XP level 4. HP: 37/37 MP: 3/3
  1707 | D:3      | Found a white marble altar of Elyvilon.
  2607 | D:4      | Found a glowing golden altar of the Shining One.
  2739 | D:4      | Reached XP level 5. HP: 37/42 MP: 4/4
  2790 | D:4      | Reached skill level 7 in Axes
  3094 | D:4      | Noticed Sigmund
  3105 | D:4      | Killed Sigmund
  3106 | D:4      | Reached skill level 8 in Axes
  3106 | D:4      | Reached XP level 6. HP: 49/50 MP: 5/5
  3402 | D:4      | Found a shimmering altar of Xom.
  3494 | D:5      | Entered Level 5 of the Dungeon
  3583 | D:5      | Found a glowing golden altar of the Shining One.
  3780 | D:5      | Found a blossoming altar of Fedhas.
  4106 | D:5      | Noticed a sky beast
  4107 | D:5      | Found Ofaamnupt's Book Emporium.
  4237 | D:5      | Reached skill level 9 in Axes
  4243 | D:5      | Killed a sky beast
  4244 | D:5      | Reached XP level 7. HP: 50/56 MP: 6/6
  4433 | D:5      | Reached skill level 10 in Axes
  4655 | D:5      | Reached skill level 11 in Axes
  5332 | D:6      | Reached XP level 8. HP: 60/62 MP: 7/7
  5463 | D:6      | Reached skill level 12 in Axes
  5800 | D:6      | Noticed Blork the orc
  5808 | D:6      | Killed Blork the orc
  5911 | D:6      | Reached skill level 13 in Axes
  6203 | D:6      | Noticed Edmund
  6214 | D:6      | Killed Edmund
  6318 | D:6      | Noticed Pikel
  6331 | D:6      | Killed Pikel
  6332 | D:6      | Reached skill level 14 in Axes
  6332 | D:6      | Reached XP level 9. HP: 42/68 MP: 8/8
  6939 | D:7      | Found a hide-covered altar of Uskayaw.
  7140 | D:7      | Found a staircase to the Ecumenical Temple.
  7152 | Temple   | Entered the Ecumenical Temple
  7194 | Temple   | Became a worshipper of Makhleb the Destroyer
  7294 | D:7      | You fall into a shaft and drop 2 floors!
  7474 | D:9      | Identified the cursed +1 whip of Awkwardness {antimagic,
                  | +Inv rElec Int+4}
  7487 | D:9      | Slain by an orc warrior

Illustrated notes

Levels and vault maps discovered:
D:1:      amcnicky_arrival_feature_with_door, layout_basic
D:2:      layout_loops_ring, nicolae_overflow_crystal_walls
D:3:      layout_basic, general_overflow_altar
D:4:      layout_basic, lemuel_doored_altar, lemuel_round_altar,
          patterned_corridor, uniq_sigmund
D:5:      kennysheep_windowed_halls, layout_loops_ring, lemuel_crystal_altar,
          basic_altar, kennysheep_windowed_goal
D:6:      layout_gridville, lightli_orcish_oven, uniq_edmund, uniq_pikel,
          uniq_blork_the_orc
D:7:      layout_rooms, eat_drink_and_be_merry_uskayaw,
          lemuel_temple_firewalk_b, gammafunk_ghost_abyssal_escape,
          vehumet_altar_wand_db, uniq_crazy_yiuf_cottage
D:9:      layout_roguey, nzn_wu_jian_council_hall
Temple:   nicolae_temple_hex_pool

Skill      XL: |  1  2  3  4  5  6  7  8 |
---------------+-------------------------+-----
Axes           | 4 5 6 8 9 11 14 | 14.9
Fighting       | |  2.4
Throwing       | |  2.0
Dodging        | |  3.2

Action                   |  1- 3 |  4- 6 |  7- 9 || total
-------------------------+-------+-------+-------++-------
Melee: War axe           |    57 |    80 |   204 ||   341
       Headbutt          |     8 |    10 |    57 ||    75
       Hand axe          |       |       |    49 ||    49
Throw: Stone             |    61 |    74 |   119 ||   254
  Use: Scroll            |     4 |       |     8 ||    12
Armor: Leather armour    |    11 |       |       ||    11
       Ring mail         |    15 |     2 |       ||    17
       Chain mail        |       |    39 |    31 ||    70
       Scale mail        |       |       |    80 ||    80
Dodge: Dodged            |    47 |    36 |   126 ||   209
Block: Other             |       |       |    13 ||    13

Table legend: (Time is in decaauts)
 A = Elapsed time spent in this place.
 B = Non-inter-level travel time spent in this place.
 C = Inter-level travel time spent in this place.
 D = Time resting spent in this place.
 E = Time spent auto-exploring this place.
 F = Levels seen in this place.
 G = Mean time per level.
                   A        B        C        D        E       F      G
               +--------+--------+--------+--------+--------+-----+--------+
         Total |   7476 |   6565 |    911 |    854 |   4530 |   9 |  830.7 |
       Dungeon |   7398 |   6497 |    901 |    854 |   4467 |   8 |  924.8 |
        Temple |     78 |     68 |     10 |      0 |     63 |   1 |   78.0 |
               +--------+--------+--------+--------+--------+-----+--------+

Top non-repeatable levels by time:
     D:6: 1747 daAuts
     D:5: 1470 daAuts
     D:4: 1099 daAuts
     D:3: 995 daAuts
     D:1: 837 daAuts
     D:2: 768 daAuts
     D:7: 302 daAuts
     D:9: 177 daAuts
  Temple: 78 daAuts

Table legend:
 A = Kills in this place as a percentage of kills in entire the game.
 B = Kills by you in this place as a percentage of kills by you in the entire game.
 C = Kills by friends in this place as a percentage of kills by friends in the entire game.
 D = Other kills in this place as a percentage of other kills in the entire game.
 E = Experience gained in this place as a percentage of experience gained in the entire game.
 F = Experience gained in this place divided by the number of levels of this place that you have seen.
                   A       B       C       D       E      F
               +-------+-------+-------+-------+-------+----------------------
         Total | 100.0 | 100.0 |   N/A |   N/A | 100.0 | 433.0
       Dungeon | 100.0 | 100.0 |   N/A |   N/A | 100.0 | 487.1
               +-------+-------+-------+-------+-------+----------------------
